 Dungeon Crawl Stone Soup version 0.26.1-11-gd32895ea62 (webtiles) character file.

Game seed: 9055087311553577830

4015 BigRedEye the Basher (level 10, -1/56 HPs)
             Began as a Gargoyle Fighter on May 6, 2021.
             Was a Follower of Okawaru.
             Slain by a very large slime creature (45 damage)
             ... on level 8 of the Dungeon.
             The game lasted 00:20:33 (8609 turns).

BigRedEye the Basher (Gargoyle Fighter)             Turns: 8609, Time: 00:20:34

Health: -1/56      AC: 15    Str: 23    XL:     10   Next: 23%
Magic:  13/13      EV:  8    Int:  9    God:    Okawaru [*.....]
Gold:   547        SH: 13    Dex:  9    Spells: 13/13 levels left

rFire    . . .     SeeInvis .   F - +3 flail (curse)
rCold    . . .     Faith    .   c - +1 kite shield
rNeg     + . .     Spirit   .   b - +0 scale mail
rPois    ∞         Reflect  .   E - +1 hat
rElec    +         Harm     .   (no cloak)
rCorr    +         Rampage  .   (no gloves)
Will     .....                  (no boots)
Stlth    ..........             q - amulet of magic regeneration
HPRegen  0.18/turn              k - ring of resist corrosion
MPRegen  0.38/turn              l - +4 ring of slaying

@: no status effects
A: negative energy resistance 1, electricity resistance, unbreathing,
petrification resistance, miasma immunity, AC +7
a: Renounce Religion, Heroism


You were on level 8 of the Dungeon.
You worshipped Okawaru.
Okawaru was aware of your devotion.
You visited 2 branches of the dungeon, and saw 9 of its levels.

You collected 547 gold pieces.

Inventory:

Hand Weapons
 a - a +1 flail
 D - a +0 morningstar
 F - a cursed +3 flail (weapon)
Armour
 b - a +0 scale mail (worn)
 c - a +1 kite shield (worn)
 E - a +1 hat (worn)
Jewellery
 k - a ring of resist corrosion (left hand)
 l - a +4 ring of slaying (right hand)
 m - a +6 ring of intelligence
 q - an amulet of magic regeneration (around neck)
 A - a +6 ring of intelligence
Wands
 e - a wand of paralysis (3)
 g - a wand of acid (8)
 y - a wand of enslavement (7)
Scrolls
 f - 5 scrolls of immolation
 j - 4 scrolls of amnesia
 o - 2 scrolls of remove curse
 p - 3 scrolls of identify
 r - 2 scrolls of teleportation
 u - a scroll of fog
 w - a scroll of blinking
 x - 2 scrolls of fear
Potions
 d - 2 potions of might
 h - 4 potions of haste
 i - 2 potions of ambrosia
 n - 3 potions of curing
 s - a potion of berserk rage
 t - 2 potions of attraction
 v - a potion of lignification
 z - a potion of heal wounds
 B - a potion of resistance
 C - a potion of cancellation {unknown}


   Skills:
 - Level 3.2 Fighting
 + Level 11.0 Maces & Flails
 - Level 3.2 Armour
 + Level 10.5 Shields
 - Level 2.0 Spellcasting


You had 13 spell levels left.
You didn't know any spells.
Your spell library contained the following spells:

 Spells                   Type           Power        Failure   Level
 Shock                    Conj/Air       0%           82%         1
 Swiftness                Air            0%           91%         2
 Static Discharge         Conj/Air       0%           99%         3
 Teleport Other           Tloc           0%           99%         3
 Airstrike                Air            0%           100%        4
 Iskenderun's Mystic Bla  Conj/Tloc      0%           100%        4
 Passage of Golubria      Tloc           N/A          100%        4
 Lightning Bolt           Conj/Air       0%           100%        5
 Disjunction              Tloc           0%           100%        8


Dungeon Overview and Level Annotations

Branches:
Dungeon (8/15)             Temple (1/1) D:4
   Lair: D:8-11

Altars:
Ashenzari
Cheibriados
Dithmenos
Elyvilon
Fedhas
Gozag
Hepliaklqana
Kikubaaqudgha
Makhleb
Nemelex Xobeh
Okawaru
Qazlal
Ru
Sif Muna
Trog
Uskayaw
Vehumet
Wu Jian
Xom
Yredelemnul
Zin
The Shining One

Shops:
D:7 =


Innate Abilities, Weirdness & Mutations

You are resistant to torment.
Your stone body is resilient. (AC +7)
You are immune to poison.
You resist negative energy. (rN+)
You are resistant to electric shocks. (rElec)
You can survive without breathing.
You are immune to petrification.
You are immune to miasma.


Message History

The large slime creature is heavily wounded.
You block the large slime creature's attack.
You sock the large slime creature!
The large slime creature is heavily wounded.
You block the large slime creature's attack.
You completely miss the large slime creature.
The large slime creature is heavily wounded.
You block the large slime creature's attack.
You hit the large slime creature.
The large slime creature is heavily wounded.
A slime creature suddenly becomes a very large slime creature.
You barely miss the very large slime creature.
The very large slime creature is moderately wounded.
You sock the very large slime creature!
The very large slime creature is heavily wounded.
You sock the very large slime creature!
The very large slime creature is heavily wounded.
The very large slime creature hits you!!!
Ouch! That really hurt!
You die...

.......###############.##...##...
.......# ### #####..##...
.......# ##.#########..#...
.......# #.#.#....###.....(
.......# #.#.#.....##....>.
.......# #.#'#......'......
.......# #.#........'...#.#
..#....# #.#........'.....#
###....# #@#.......##.....#
##.....# .÷...JJ##......###.....#
.##...## ......# ######## #......
.##...# ###### ### #......
.....###############.# ##...##
........#..........[.# .##
.......##............#
...#..####..........##
...#.###.#...#.......##


You could see a very large slime creature and an ooze.

Vanquished Creatures
  Gastronok (D:7)
  A troll (D:7)
  A sky beast (D:7)
  A phantom (D:8)
  A black bear (D:6)
  An ogre (D:5)
  3 big kobolds
  A bullfrog (D:7)
  A water moccasin zombie (D:8)
  A scorpion (D:7)
  4 wights (D:8)
  5 howler monkeys
  A bullfrog zombie (D:7)
  4 orc priests
  4 hounds
  4 jellies
  4 orc wizards
  3 centaur skeletons
  4 worker ants
  A killer bee zombie (D:6)
  4 gnolls (D:3)
  5 adders
  A shadow imp (D:5)
  A white imp (D:7)
  2 ufetubi (D:8)
  5 oozes
  An adder skeleton (D:7)
  2 worms
  3 dart slugs
  2 leopard geckos
  12 orcs
  7 ball pythons
  10 bats
  11 giant cockroaches
  8 goblins
  5 hobgoblins
  5 jackals
  2 quokkas
  2 frilled lizards (D:3)
  2 goblin skeletons (D:5)
  A hobgoblin zombie (D:5)
  10 kobolds
  2 kobold skeletons (D:5)
  A kobold zombie (D:5)
  2 orc skeletons (D:5)
  7 rats
159 creatures vanquished.

Vanquished Creatures (others)
  10 fungi (D:8)
  7 toadstools (D:8)
17 creatures vanquished.

Grand Total: 176 creatures vanquished

Notes
Turn   | Place    | Note
-------+----------+-------------------------------------------
     0 | D:1      | BigRedEye the Gargoyle Fighter began the quest for the Orb.
     0 | D:1      | Reached XP level 1. HP: 14/14 MP: 1/1
   229 | D:1      | Reached XP level 2. HP: 19/19 MP: 2/2
   251 | D:1      | Reached skill level 3 in Maces & Flails
   498 | D:1      | Reached XP level 3. HP: 23/23 MP: 3/3
  1299 | D:2      | Found an ancient bone altar of Kikubaaqudgha.
  1333 | D:2      | Reached skill level 4 in Maces & Flails
  1393 | D:2      | Found an opulent altar of Gozag.
  1435 | D:2      | Found a stormy altar of Qazlal.
  1489 | D:2      | Reached XP level 4. HP: 28/28 MP: 4/4
  1946 | D:2      | You fall into a shaft and drop 2 floors!
  1957 | D:4      | Found a staircase to the Ecumenical Temple.
  1976 | Temple   | Entered the Ecumenical Temple
  2401 | D:3      | Reached skill level 5 in Maces & Flails
  2409 | D:3      | Reached XP level 5. HP: 30/32 MP: 5/5
  3393 | D:4      | Found a hazy altar of Hepliaklqana.
  3431 | D:4      | Reached skill level 6 in Maces & Flails
  3431 | D:4      | Reached XP level 6. HP: 34/37 MP: 6/6
  3528 | D:4      | Found a sacrificial altar of Ru.
  3852 | D:5      | Entered Level 5 of the Dungeon
  3883 | D:5      | Found a glowing golden altar of the Shining One.
  3958 | D:5      | Found a broken altar of Ashenzari.
  4376 | D:5      | Reached XP level 7. HP: 5/41 MP: 7/7
  4657 | D:5      | Found a hide-covered altar of Uskayaw.
  4964 | D:6      | Reached skill level 7 in Maces & Flails
  4964 | D:6      | Reached skill level 5 in Shields
  5326 | D:7      | Identified the Handbook of Displacement
  5344 | D:7      | Reached skill level 1 in Spellcasting
  5344 | D:7      | Found a broken altar of Ashenzari.
  5549 | D:7      | Reached XP level 8. HP: 18/46 MP: 10/10
  5992 | D:7      | Noticed a troll
  6001 | D:7      | Killed a troll
  6002 | D:7      | Reached skill level 8 in Maces & Flails
  6213 | D:7      | Found an iron altar of Okawaru.
  6464 | D:7      | Found Siaf's Jewellery Boutique.
  7136 | D:8      | Reached skill level 9 in Maces & Flails
  7136 | D:8      | Reached XP level 9. HP: 51/51 MP: 12/12
  7572 | D:8      | Found a shadowy altar of Dithmenos.
  7573 | D:8      | Found an ornate altar of the Wu Jian Council.
  7635 | D:7      | Became a worshipper of Warmaster Okawaru
  7678 | D:8      | Found a bloodstained altar of Trog.
  7988 | D:8      | Noticed Gastronok
  8248 | D:7      | Killed Gastronok
  8248 | D:7      | Reached * piety under Okawaru
  8249 | D:7      | Reached skill level 11 in Maces & Flails
  8249 | D:7      | Reached skill level 10 in Shields
  8249 | D:7      | Reached XP level 10. HP: 28/56 MP: 13/13
  8479 | D:8      | Found a sacrificial altar of Ru.
  8480 | D:8      | Found a white marble altar of Elyvilon.
  8609 | D:8      | Slain by a very large slime creature

Illustrated notes

Levels and vault maps discovered:
D:1:      dpeg_arrival_brainrot, layout_basic, grunt_decor_arrowhead
D:2:      layout_basic, lemuel_crystal_altar, kiku_gazebo_pond_becter,
          nicolae_overflow_crystal_walls
D:3:      layout_rooms
D:4:      cheibrodos_barr_body, layout_cave_pools, lemuel_round_altar,
          minmay_temple_entry_offerings, nicolae_ru_great_annihilating_truth
D:5:      layout_basic, old_standard_altar, lemuel_coloured_pillars_altar,
          nicolae_tso_besieged_by_evil
D:6:      layout_basic
D:7:      layout_loops_ring, lemuel_round_altar, serial_shops, shop,
          cheibrodos_ashenzari_chains
D:8:      cheibrodos_fertilizer, layout_cave_pools,
          nicolae_overflow_hidden_temple, minitemple, uniq_gastronok
Temple:   jpeg_temple_island

Skill      XL: |  1  2  3  4  5  6  7  8  9 |
---------------+----------------------------+-----
Maces & Flails | 3 4 5 6 7 9 11 | 11.0
Shields        | 4 5 8 10 | 10.5
Spellcasting   | 1 2 |  2.0
Fighting       | |  3.2
Armour         | |  3.2

Action                   |  1- 3 |  4- 6 |  7- 9 | 10-12 || total
-------------------------+-------+-------+-------+-------++-------
Melee: Flail             |   124 |   172 |   227 |    27 ||   550
       Morningstar       |       |       |    19 |       ||    19
  Use: Scroll            |     3 |     8 |     8 |       ||    19
       Potion            |       |       |     1 |       ||     1
Armor: Scale mail        |    50 |    79 |   100 |       ||   229
Dodge: Dodged            |    28 |    44 |    69 |     3 ||   144
Block: Kite shield       |    79 |    92 |   145 |    14 ||   330
